 Dungeon Crawl Stone Soup version 0.12.2-18-gb8c16a5 (webtiles) character file.

3667 darkfeline the Cleaver (level 9, -1/75 HPs)
             Began as a Deep Dwarf Artificer on Aug 21, 2013.
             Was an Initiate of Nemelex Xobeh.
             Slain by a six-headed hydra (3 damage)
             ... on Level 10 of the Dungeon.
             The game lasted 01:48:00 (8088 turns).

darkfeline the Cleaver (Deep Dwarf Artificer)       Turns: 8088, Time: 01:48:03

HP  -1/75        AC 12     Str 16      XL: 9   Next: 81%
MP  15/15        EV 11     Int 11      God: Nemelex Xobeh [......]
Gold 158         SH  0     Dex 16      Spells:  0 memorised,  8 levels left

Res.Fire  : . . .   See Invis. : .   I - +0 war axe
Res.Cold  : . . .   Warding    : +   y - +0 dwarf ring mail
Life Prot.: + . .   Conserve   : .   (no shield)
Res.Poison: +       Res.Corr.  : .   (no helmet)
Res.Elec. : .       Clarity    : .   p - +2 dwarf cloak
Sust.Abil.: . .     Spirit.Shd : .   (no gloves)
Res.Mut.  : .       Stasis     : .   z - +0 pair of orc boots
Res.Rott. : .       Ctrl.Telep.: .   q - amulet of warding
Saprovore : . . .   Flight     : .   T - ring of protection from magic
                                     A - ring of poison resistance

@: non-regenerating, very resistant to hostile enchantments, unstealthy
A: damage resistance, recharge devices, claws 1, sense surroundings 3, slow
healing 3, slow metabolism 1, wild magic 1, Int -1
a: Device Recharging, Renounce Religion


You were on level 10 of the Dungeon.
You worshipped Nemelex Xobeh.
Nemelex Xobeh was pleased with you.
You were not hungry.

You visited 2 branches of the dungeon, and saw 12 of its levels.
You also visited: Sewer.

You collected 488 gold pieces.
You spent 350 gold pieces at shops.

Inventory:

Hand weapons
 I - a +0,+0 war axe (weapon)
 K - the -4,-4 sabre of Responsibility {flame, +Fly rF+ rC+}
   (You found it on level 5 of the Dungeon)

   It emits flame when wielded, causing extra injury to most foes and up to
   double damage against particularly susceptible opponents.
   Big, fiery blades are also staple armaments of hydra-hunters.
   It protects you from fire.
   It protects you from cold.
   It lets you fly.
 O - a +0,+1 crossbow
Missiles
 e - 11 bolts
 u - 12 bolts of penetration
 H - 13 silver bolts
Armour
 p - a +2 dwarven cloak (worn)
 y - a +0 dwarven ring mail (worn)
 z - a +0 pair of orcish boots (worn)
Magical devices
 b - a wand of flame (2)
 c - a wand of enslavement (0)
 d - a wand of random effects (2)
 f - a wand of heal wounds (0)
 h - a wand of random effects (0)
 v - a wand of magic darts (4)
 w - a wand of lightning (2)
 J - a wand of frost (5)
Comestibles
 g - 4 bread rations
 k - a choko
 s - a meat ration
 M - a honeycomb
Scrolls
 j - 2 scrolls of enchant weapon I
 l - 3 scrolls of fear
 o - a scroll of immolation {unknown}
 r - 4 scrolls of remove curse
 D - a scroll of teleportation
 S - 2 scrolls of enchant armour {unknown}
Jewellery
 q - an amulet of warding (around neck)
 A - a ring of poison resistance (left claw)
 T - a ring of protection from magic (right claw)
Potions
 a - 4 potions of magic
 i - 2 potions of restore abilities {unknown}
 x - a potion of invisibility {unknown}
 B - 3 potions of curing
 E - a potion of gain strength {unknown}
 F - a potion of slowing {unknown}
 G - 2 potions of flight
 L - a potion of paralysis {unknown}
 Q - a potion of might
Magical staves
 N - an uncursed staff of earth {unknown}
Miscellaneous
 m - an ornate deck of escape {drawn: 1}
 n - a disc of storms


   Skills:
 - Level 3.4 Fighting
 - Level 0.8 Short Blades
 + Level 10.4 Axes
 - Level 6.4 Armour
 - Level 4.8 Dodging
 - Level 1.2 Stealth
 - Level 2.1 Traps
 - Level 6.3 Evocations


You had 8 spell levels left.
You didn't know any spells.

Dungeon Overview and Level Annotations

Branches:
Dungeon (11/27)            Temple (1/1) D:5             Orc (0/4) D:11
   Lair (0/8) D:9

Altars:
Ashenzari
Cheibriados
Elyvilon
Fedhas
Kikubaaqudgha
Makhleb
Nemelex Xobeh
Okawaru
Sif Muna
Trog
Vehumet
Xom
Yredelemnul
Zin
the Shining One

Shops:
D:7: =

Annotations
D:9 Psyche


Innate Abilities, Weirdness & Mutations

You are resistant to damage.
You can recharge devices by infusing magical energy.
You passively map a large area around you.
You do not heal naturally.
You have sharp fingernails.
You are dopey (Int -1).
You have a slow metabolism.
Your spells are a little harder to cast, but a little more powerful.


Message History

The six-headed hydra completely misses you.
The six-headed hydra bites you!
* * * LOW HITPOINT WARNING * * *
The six-headed hydra bites you!
* * * LOW HITPOINT WARNING * * *
The six-headed hydra bites you. The six-headed hydra bites you!
* * * LOW HITPOINT WARNING * * *
You climb upwards.
A giant mite comes into view.
Found a dart.
There is a stone staircase leading down here.
Evoke which item? (* to show all) (? for menu, Esc to quit)
The disc erupts in an explosion of electricity!
You hear a mighty clap of thunder!
The bolt of lightning hits the six-headed hydra.
The six-headed hydra is lightly wounded.
The orb of electricity explodes!
The six-headed hydra barely misses you. The six-headed hydra bites you.
You die...
Your body disappears without a glow.

,, , ........%..#
,, ,
,.............# ,,
, ,,..............#
,,,,
...............# ,
,,
...(............# ,
, ................#
, ................#
.................#
, ,
...ยง....@........#
, ,,
,........D)..O....#
,
,..........n....##
, ,,
,,..............>#
, , ,
......s.....Z..# ,,
, , ........./..###
, , , ............
, , ,....#......# *
, ,,, ........#


You could see a six-headed hydra, an ogre, a necrophage, a giant mite and a hill
giant zombie.

Vanquished Creatures
  2 wyverns
  Eustachio (D:8)
  A hippogriff (D:9)
  A manticore (D:11)
  An ogre (D:11)
  2 ice beasts
  2 phantoms
  5 centaurs
  A big kobold (Sewer)
  A giant frog zombie (D:6)
  8 giant frogs
  A giant frog skeleton (D:8)
  5 orc wizards
  A goliath beetle (D:6)
  4 hounds
  5 crimson imps
  2 shadows
  A big fish (Sewer)
  A scorpion (D:9)
  An iguana (D:7)
  2 orc priests
  5 worker ants
  A worker ant zombie (D:5)
  A steam dragon skeleton (D:4)
  17 adders
  A green rat (Sewer)
  2 adder skeletons
  A worm (D:4)
  2 grey rats
  A bat zombie (D:5)
  A giant eyeball (D:7)
  A gnoll skeleton (D:5)
  2 oozes
  15 orcs
  4 ball pythons
  16 bats
  6 giant cockroaches
  11 goblins
  8 hobgoblins
  3 quokkas
  6 giant geckos
  A giant gecko skeleton (D:7)
  8 giant newts
  A hobgoblin zombie (D:7)
  18 jackals
  18 kobolds
  13 rats
211 creatures vanquished.

Vanquished Creatures (collateral kills)
  An ogre (D:3)
  Jessica (D:3)
  6 gnolls
  A worm (D:3)
  4 orcs
  A giant cockroach (D:3)
  2 goblins (D:4)
  A bat (D:6)
  2 jackals (D:2)
  A kobold (Sewer)
20 creatures vanquished.

Vanquished Creatures (others)
  An orb spider (D:7)
1 creature vanquished.

Grand Total: 232 creatures vanquished

Notes
Turn   | Place    | Note
--------------------------------------------------------------
     0 | D:1      | darkfeline, the Deep Dwarf Artificer, began the quest for the Orb.
     0 | D:1      | Reached XP level 1. HP: 19/19 MP: 1/1
    20 | D:1      | Reached skill level 1 in Fighting
   194 | D:1      | Reached XP level 2. HP: 21/26 MP: 3/3
   729 | D:2      | Reached skill level 1 in Axes
   777 | D:2      | Reached XP level 3. HP: 17/32 MP: 5/5
  1502 | D:2      | Reached XP level 4. HP: 30/40 MP: 6/6
  1708 | D:3      | Reached skill level 1 in Armour
  1741 | D:3      | Noticed Jessica
  1759 | D:3      | Found a blossoming altar of Fedhas.
  1939 | D:3      | Found a basalt altar of Yredelemnul.
  2023 | D:3      | Killed Jessica
  2023 | D:3      | Reached XP level 5. HP: 39/46 MP: 8/8
  2239 | D:3      | Noticed an ogre
  2251 | D:3      | Killed an ogre
  2363 | D:4      | Noticed a centaur
  2405 | D:4      | Reached skill level 5 in Axes
  2440 | D:4      | Killed a centaur
  2440 | D:4      | Reached XP level 6. HP: 28/54 MP: 10/10
  2521 | D:4      | Reached skill level 6 in Axes
  2755 | D:4      | Noticed a centaur
  2760 | D:4      | Killed a centaur
  2930 | D:4      | Reached XP level 7. HP: 56/61 MP: 11/11
  3107 | D:4      | Found a glowing drain.
  3117 | Sewer    | Entered a sewer
  3267 | Sewer    | Found a white marble altar of Elyvilon.
  3449 | D:5      | Entered Level 5 of the Dungeon
  3879 | D:5      | Got a steaming sabre
  3921 | D:5      | Identified the cursed sabre of Responsibility {flame, +Fly rF+ rC+} (You found it on level 5 of the Dungeon)
  4335 | D:5      | Found a staircase to the Ecumenical Temple.
  4341 | Temple   | Entered the Ecumenical Temple
  4581 | D:6      | Reached skill level 5 in Evocations
  4715 | D:6      | Reached XP level 8. HP: 42/69 MP: 15/15
  5586 | D:6      | Reached skill level 7 in Axes
  6010 | D:8      | Reached skill level 8 in Axes
  6106 | D:8      | Noticed Eustachio
  6338 | D:8      | Killed Eustachio
  6605 | D:8      | Gained mutation: You passively map the area around you. [level up]
  6605 | D:8      | Reached XP level 9. HP: 44/75 MP: 17/17
  6883 | D:7      | Noticed a six-headed hydra zombie
  6955 | D:6      | Reached skill level 5 in Armour
  7047 | D:7      | Paralysed by a giant eyeball for 3 turns
  7056 | D:7      | Paralysed by a giant eyeball for 2 turns
  7122 | D:7      | Found Twierurph's Jewellery Boutique.
  7144 | D:7      | Bought an uncursed ring of protection from magic for 350 gold pieces
  7147 | D:7      | Gained mutation: You passively map a large area around you. [potion of mutation]
  7147 | D:7      | Gained mutation: You have sharp fingernails. [potion of mutation]
  7147 | D:7      | Gained mutation: You have a slow metabolism. [potion of mutation]
  7148 | D:7      | Gained mutation: You are dopey (Int -1). [potion of mutation]
  7148 | D:7      | Gained mutation: Your spells are a little harder to cast, but a little more powerful. [potion of mutation]
  7367 | D:9      | Found a staircase to the Lair.
  7447 | D:9      | Reached skill level 9 in Axes
  7644 | D:9      | Found a sparkling altar of Nemelex Xobeh.
  7650 | D:9      | Became a worshipper of Nemelex Xobeh
  7708 | D:9      | Noticed Psyche
  7750 | D:8      | Received a gift from Nemelex Xobeh
  7825 | D:10     | Entered Level 10 of the Dungeon
  7884 | D:11     | Reached skill level 10 in Axes
  8015 | D:11     | Found a staircase to the Orcish Mines.
  8033 | D:11     | Noticed a six-headed hydra
  8086 | D:11     | HP: 2/75 [six-headed hydra (5)]
  8088 | D:10     | Slain by a six-headed hydra

Action                   |  1- 3 |  4- 6 |  7- 9 || total
-------------------------+-------+-------+-------++-------
Melee: Short sword       |    73 |       |       ||    73
       Hand axe          |    79 |    87 |       ||   166
       War axe           |       |    49 |   760 ||   809
Throw: Throwing net      |       |       |     1 ||     1
 Abil: Device Recharging |       |       |     3 ||     3
Evoke: Wand              |    11 |    28 |    46 ||    85
       Deck              |       |       |     1 ||     1
       Miscellaneous     |       |       |     1 ||     1
  Use: Scroll            |       |    12 |    11 ||    23
       Potion            |       |     3 |    11 ||    14
 Stab: Paralysed         |     1 |       |       ||     1
       Sleeping          |       |     2 |       ||     2
